 Dungeon Crawl Stone Soup version 0.18.1-48-g4cf74bf (console) character file.

105 Kloppie the Chopper (level 4, -3/41 HPs)
             Began as a Hill Orc Fighter on July 18, 2016.
             Slain by a centaur
             ... wielding a cursed -2 shortbow
              (6 damage)
             ... on level 3 of the Dungeon.
             The game lasted 00:02:59 (1934 turns).

Kloppie the Chopper (Hill Orc Fighter)              Turns: 1934, Time: 00:03:00

Health: -3/41      AC: 11    Str: 18    XL:     4   Next: 81%
Magic:  4/4        EV:  3    Int:  8    God:
Gold:   140        SH:  9    Dex: 11    Spells: 0 memorised, 3 levels left

rFire  . . .     SeeInvis .     a - +0 war axe
rCold  . . .     Gourm    .     k - +0 plate armour
rNeg   . . .     Faith    .     c - +0 shield
rPois  .         Spirit   .     (no helmet)
rElec  .         Dismiss  .     (no cloak)
rCorr  .         Reflect  .     (no gloves)
SustAt .         Harm     .     (no boots)
MR     .....                    (no amulet)
Stlth  ..........               (no ring)
                                (no ring)

@: not resistant to hostile enchantments, extremely unstealthy
A: no striking features
a: no special abilities


You were on level 3 of the Dungeon.
You were not hungry.

You visited 1 branch of the dungeon, and saw 3 of its levels.

You collected 140 gold pieces.

Inventory:

Hand Weapons
 a - a +0 war axe (weapon)
Armour
 b - a +0 scale mail
 c - a +0 shield (worn)
 k - a +0 plate armour (worn)
Jewellery
 l - an uncursed ring of see invisible {unknown}
 m - an uncursed ring of flight {unknown}
 o - a +5 ring of dexterity {unknown}
Scrolls
 e - 2 scrolls of remove curse {unknown}
 j - 2 scrolls of identify {unknown}
 n - 2 scrolls of blinking {unknown}
 p - a scroll of enchant weapon {unknown}
 s - a scroll of magic mapping {unknown}
 w - 2 scrolls of random uselessness {unknown}
Potions
 d - a potion of might
 h - a potion of agility {unknown}
 q - a potion of lignification {unknown}
 r - a potion of degeneration {unknown}
 v - a potion of heal wounds {unknown}
Comestibles
 f - 4 bread rations
 g - 4 beef jerkies
 i - a meat ration
 t - 2 slices of pizza
 u - 2 chunks of flesh


   Skills:
 + Level 4.7 Fighting
 + Level 4.8 Axes
 - Level 3.9 Armour
 - Level 3.2 Shields


You had 3 spell levels left.
You didn't know any spells.

Dungeon Overview and Level Annotations

Branches:
Dungeon (3/15)

Altars:
Ashenzari
Gozag
Nemelex Xobeh
Xom


Message History

The centaur hits you but does no damage. x2
You slash the centaur!
The centaur is severely wounded.
The centaur hits you but does no damage.
The centaur barely misses you.
You hit the centaur.
The centaur is severely wounded.
The centaur hits you but does no damage.
The centaur hits you with a shortbow.
* * * LOW HITPOINT WARNING * * *
You hit the centaur.
The centaur is almost dead.
The centaur hits you but does no damage. x2
You barely miss the centaur.
The centaur is almost dead.
The centaur hits you but does no damage.
You barely miss the centaur.
The centaur is almost dead.
The centaur hits you with a shortbow.
You die...

#####.### ........# #..
#####.#.# #.. # #.#.#
#.# ### #.#.# #.# ..#
#.#.# #.# ..###.#.# #.#
........########c#######
................@.......
........##.#####(.######
........##.#####(.#
.............†.(..#
........(..#####..#
........#### #.....
(.......# ##.####
........# .# ###.#####
.#


You could see a centaur.

Vanquished Creatures
  4 adders
  A worm (D:3)
  A dart slug (D:1)
  4 giant geckos
  4 orcs (D:3)
  12 bats
  4 goblins
  8 hobgoblins
  2 jackals (D:2)
  4 kobolds
  2 quokkas (D:2)
  A ball python (D:3)
  A giant newt (D:3)
  4 rats
52 creatures vanquished.

Notes
Turn   | Place    | Note
--------------------------------------------------------------
     0 | D:1      | Kloppie the Hill Orc Fighter began the quest for the Orb.
     0 | D:1      | Reached XP level 1. HP: 19/19 MP: 1/1
    63 | D:1      | Reached XP level 2. HP: 25/27 MP: 2/2
   543 | D:1      | Reached XP level 3. HP: 27/34 MP: 3/3
   932 | D:2      | Found a shimmering altar of Xom.
   934 | D:2      | Found a shattered altar of Ashenzari.
   948 | D:2      | Found an opulent altar of Gozag.
  1309 | D:2      | Reached XP level 4. HP: 41/41 MP: 4/4
  1402 | D:2      | Found a sparkling altar of Nemelex Xobeh.
  1923 | D:3      | Noticed a centaur
  1931 | D:3      | HP: 2/41 [centaur/shortbow (4)]
  1934 | D:3      | Slain by a centaur

Skill      XL: |  1  2  3 |
---------------+----------+-----
Axes           | 3 4 |  4.8
Fighting       | 4 |  4.7
Armour         | |  3.9
Shields        | |  3.2

Action                   |  1- 3 |  4- 6 || total
-------------------------+-------+-------++-------
Melee: War axe           |   147 |    92 ||   239
  Eat: Chunk             |     1 |     3 ||     4
Armor: Scale mail        |    25 |       ||    25
       Plate armour      |   107 |    79 ||   186
Dodge: Dodged            |    27 |    15 ||    42
Block: Shield            |    91 |    54 ||   145
